 Dungeon Crawl Stone Soup version 0.32-a0-876-gcfddb08e57 (webtiles) character file.

Game seed: 5364217382018900421

4456 spaghetti the Fighter (level 10, -5/177 HPs)
             Began as an Oni Chaos Knight on Apr 2, 2024.
             Was a Plaything of Xom.
             Killed by divine providence
             ... invoked by an orc priest
              (9 damage)
             ... on level 8 of the Dungeon.
             The game lasted 00:13:10 (9177 turns).

spaghetti the Fighter (Oni Chaos Knight)            Turns: 9177, Time: 00:13:11

Health: -5/177     AC: 25    Str: 22    XL:     10   Next: 37%
Magic:  5/13       EV:  1    Int: 16    God:    Xom [..*...]
Gold:   1118       SH:  0    Dex:  7    Spells: 5/13 levels left

rFire   . . .        g - +2 dagger (venom)
rCold   . . .        (no shield)
rNeg    . . .        q - melded +1 acid dragon scales
rPois   +            (helmet currently unavailable)
rElec   .            (cloak currently unavailable)
rCorr   .            (gloves unavailable)
SInv    +            (boots unavailable)
Will    +....        (no amulet)
Stlth   +            i - ring of wizardry
HPRegen 0.49/turn    (no ring)
MPRegen 0.13/turn

%: wizardry (x1)
@: brilliant, tree-form, unable to call your familiar
A: stationary, stasis, torment immunity, boosted hp, large, unfitting armour,
(horns 1), (tough skin 1), double potion healing, drunken brawling, see
invisible, mutation resistance 1, screaming 1, strong 1
a: Renounce Religion


You were on level 8 of the Dungeon.
You worshipped Xom.
You were a toy of Xom.
You were a tree.
You visited 1 branch of the dungeon, and saw 8 of its levels.
You also visited: Sewer.

You collected 1118 gold pieces.

Inventory:

Hand Weapons
 a - a +0 falchion of chaos
 g - a +2 dagger of venom (weapon)
 n - a +0 bardiche
Armour
 b - a +2 robe
 o - a +0 tower shield
 p - +0 steam dragon scales
 q - +1 acid dragon scales (melded)
Jewellery
 i - a ring of wizardry (left branch)
Wands
 e - a wand of roots (7)
 l - a wand of mindburst (10)
 r - a wand of acid (2)
Scrolls
 d - 4 scrolls of teleportation
 h - a scroll of vulnerability
 k - a scroll of acquirement
 m - a scroll of fog
 s - 2 scrolls of amnesia
Potions
 j - 2 potions of might


   Skills:
 + Level 12.8 Fighting
 - Level 2.6 Long Blades
 - Level 2.1 Dodging
 - Level 2.0 Spellcasting
 - Level 10.0 Summonings
 - Level 4.0 Fire Magic


You had 5 spell levels left.
You knew the following spells:

 Your Spells              Type           Power      Damage    Failure   Level
a - Summon Small Mammal   Summ           100%       N/A       1%          1
b - Call Canine Familiar  Summ           50%        N/A       1%          3
c - Summon Blazeheart Go  Fire/Summ      36%        N/A       4%          4

Your spell library contained the following spells:

 Spells                   Type           Power      Damage    Failure   Level


Dungeon Overview and Level Annotations

Branches:
Dungeon (8/15)             Temple (0/1) D:6           Sewer (visited)
   Lair: D:8-11

Altars:
Dithmenos
Fedhas
Gozag
Kikubaaqudgha
Okawaru
Ru
Trog
Uskayaw
Wu Jian
Xom
Yredelemnul
The Shining One


Innate Abilities, Weirdness & Mutations

You are a tree.
Your roots penetrate the ground, keeping you stationary.
You cannot be teleported.
You are immune to unholy pain and torment.
Your maximum health is greatly increased.
Your equipment is partially melded.
You are too large for most types of armour.
((You have a pair of small horns on your head.))
((You have tough skin. (AC +1)))
You gain doubled healing and magic from potions.
Whenever you drink a healing potion, you attack all around you.
You have supernaturally acute eyesight. (SInv)
You are somewhat resistant to further mutation.
You occasionally shout uncontrollably at your foes.
Your muscles are strong. (Str +4, Int/Dex -1)


Message History

You turn into a tree.
Your +1 acid dragon scales melds into your body.
Your roots penetrate the ground.
The wolf bites you but does no damage. x2
You closely miss the wolf.
The wolf is lightly wounded.
Your blazeheart golem punches the wolf!!
The wolf dies!
You barely miss the orc priest.
The orc priest is lightly wounded.
Your quokka misses the orc priest.
The orc priest mumbles some strange prayers to Beogh against you.
Beogh smites you!
* * * LOW HITPOINT WARNING * * *
Unknown command.
Unknown command.
Unknown command.
You hit the orc priest.
The orc priest is poisoned.
The orc priest is moderately wounded.
Your quokka closely misses the orc priest.
The orc priest hits you but does no damage.
Your blazeheart golem completely misses the orc priest.
Your quokka closely misses the orc priest.
Unknown command.
Unknown command.
Unknown command.
Unknown command.
You hit the orc priest but do no damage.
The orc priest looks even sicker.
The orc priest is moderately wounded.
The orc priest hits you but does no damage.
Your quokka bites the orc priest.
Unknown command.
Unknown command.
Unknown command.
Unknown command.
You closely miss the orc priest.
The orc priest is heavily wounded.
The orc priest invokes the aid of Beogh against you.
Beogh smites you!
You die...

......................
.......................
......................#
##.#.#.....#..........#
.....#................# P
.................§§§..##.P
..######......§§§§§§......
..............§§§9r§......
..####........§§♣o§)......
#........#####†......
#........# .......
#........# ##.##..
#.....#### .# . #.....# #
###


You could see an orc priest (very poisoned, ally target), a friendly blazeheart
golem (summoned) and a friendly quokka (summoned).

Vanquished Creatures
  A two-headed ogre (D:8)
  Pikel (D:7)
  Maggie (D:7)
  A warg (D:8)
  A steam dragon (D:6)
  3 black bears (D:5)
  An orc warrior (D:7)
  3 sky beasts
  An ogre (D:6)
  A centaur (D:7)
  A wolf (D:8)
  4 lemures (D:7)
  A brain worm (Sewer)
  4 bullfrogs
  3 scorpions
  A killer bee (D:8)
  2 jellies
  A hound (D:5)
  3 orc priests
  Ijyb (D:3)
  4 iguanas
  4 orc wizards
  6 gnolls
  9 adders
  A shadow imp (D:7)
  2 white imps
  A dart slug (D:2)
  2 ribbon worms (D:3)
  10 orcs
  15 ball pythons
  4 endoplasms
  2 giant cockroaches
  4 hobgoblins
  5 jackals
  2 quokkas
  7 bats
  7 frilled lizards
  5 goblins
  8 kobolds
  4 rats
137 creatures vanquished.

Vanquished Creatures (collateral kills)
  Menkaure (D:7)
  An acid dragon (D:6)
  Pargi (Sewer)
  An orc warrior (D:8)
  A wolf (D:8)
  A phantom (D:5)
  2 killer bees (D:7)
  A bombardier beetle (D:6)
  An orc priest (D:7)
  2 iguanas
  An orc wizard (D:8)
  2 gnolls (D:2)
  An adder (D:3)
  7 orcs
  A bat (D:3)
  A rat (D:3)
25 creatures vanquished.

Vanquished Creatures (others)
  2 blazeheart cores (D:8)
2 creatures vanquished.

Grand Total: 164 creatures vanquished

Notes
Turn   | Place    | Note
-------+----------+-------------------------------------------
     0 | D:1      | spaghetti the Oni Chaos Knight began the quest for the Orb.
     0 | D:1      | Reached XP level 1. HP: 24/24 MP: 1/1
    22 | D:1      | XOM: potion effect (experience)
    22 | D:1      | Reached skill level 10 in Fighting
    22 | D:1      | Reached XP level 2. HP: 46/46 MP: 2/2
    60 | D:1      | Learned a level 1 spell: Summon Small Mammal
   129 | D:1      | Reached XP level 3. HP: 46/54 MP: 3/3
   598 | D:2      | Found an ornate altar of the Wu Jian Council.
   795 | D:2      | XOM: enchant monster (good)
   801 | D:2      | XOM: summons 3 friendly demons
   803 | D:2      | Reached skill level 1 in Summonings
   803 | D:2      | Reached XP level 4. HP: 54/62 MP: 1/4
  1133 | D:2      | XOM: scenery: create altars
  1593 | D:3      | Found a shadowy altar of Dithmenos.
  1676 | D:3      | Found a faded altar of an unknown god.
  1775 | D:3      | Reached XP level 5. HP: 70/70 MP: 5/5
  1792 | D:3      | XOM: chaos upgrade
  1801 | D:3      | Learned a level 3 spell: Call Canine Familiar
  1891 | D:3      | Reached skill level 1 in Spellcasting
  2069 | D:3      | Noticed Ijyb
  2076 | D:3      | Killed Ijyb
  2419 | D:3      | Reached XP level 6. HP: 27/79 MP: 3/8
  2891 | D:4      | Found a sacrificial altar of Ru.
  2908 | D:4      | XOM: cloud trail
  2967 | D:4      | Identified a scroll of acquirement
  3147 | D:4      | XOM: enchant monster (bad)
  3355 | D:4      | Found a blossoming altar of Fedhas.
  3548 | D:5      | Entered Level 5 of the Dungeon
  3554 | D:5      | Found a glowing drain.
  3630 | D:5      | XOM: 1-stop teleportation journey
  3658 | Sewer    | Entered a sewer
  3703 | Sewer    | XOM: enchant monster (bad)
  3705 | Sewer    | Noticed Pargi
  3717 | Sewer    | XOM: fog
  3744 | Sewer    | Killed Pargi
  3745 | Sewer    | Reached XP level 7. HP: 41/87 MP: 3/10
  4319 | D:5      | Found an ancient bone altar of Kikubaaqudgha.
  4334 | D:5      | Found an ornate altar of the Wu Jian Council.
  4337 | D:5      | Found an iron altar of Okawaru.
  4337 | D:5      | Found an opulent altar of Gozag.
  4337 | D:5      | Found a glowing golden altar of the Shining One.
  4337 | D:5      | XOM: 8-stop teleportation journey
  4366 | D:5      | Reached skill level 5 in Summonings
  4442 | D:5      | XOM: give mutation
  4442 | D:5      | Gained mutation: You are partially covered in iridescent
                  | scales. (AC +2) [Xom's mischief]
  4493 | D:5      | Found a basalt altar of Yredelemnul.
  4495 | D:5      | Found a hide-covered altar of Uskayaw.
  4495 | D:5      | Found a bloodstained altar of Trog.
  4638 | D:5      | Reached XP level 8. HP: 83/94 MP: 11/11
  4834 | D:5      | XOM: stat loss: -1 Dex (7/8)
  4864 | D:5      | XOM: summons 4 hostile shadow creatures
  5581 | D:6      | XOM: 5-stop teleportation journey
  5582 | D:6      | Lost mutation: You are partially covered in iridescent
                  | scales. (AC +2) [potion of mutation]
  5582 | D:6      | Gained mutation: You have a pair of horns on your head.
                  | [potion of mutation]
  5582 | D:6      | Gained mutation: You have a somewhat thin skeletal
                  | structure. (Dex +2, Stealth+) [potion of mutation]
  5741 | D:6      | XOM: scenery: summon butterflies
  5879 | D:6      | XOM: smoke on damage
  6036 | D:6      | XOM: give mutations
  6036 | D:6      | Gained mutation: You are somewhat resistant to further
                  | mutation. [Xom's mischief]
  6036 | D:6      | Gained mutation: You have supernaturally acute eyesight.
                  | (SInv) [Xom's mischief]
  6036 | D:6      | Lost mutation: You have a pair of horns on your head.
                  | [Xom's mischief]
  6036 | D:6      | Gained mutation: You occasionally shout uncontrollably at
                  | your foes. [Xom's mischief]
  6075 | D:6      | XOM: potion effect (curing)
  6103 | D:6      | XOM: polymorph bat -> river rat
  6387 | D:6      | XOM: scenery: create altars
  6545 | D:6      | Reached XP level 9. HP: 45/102 MP: 8/12
  6842 | D:6      | XOM: divination: detect creatures
  7134 | D:6      | Found a staircase to the Ecumenical Temple.
  7192 | D:7      | Noticed Maggie
  7195 | D:7      | XOM: confuse monster(s)
  7217 | D:7      | Killed Maggie
  7507 | D:7      | XOM: smoke on damage
  7529 | D:7      | XOM: scenery: 1 doors close
  7637 | D:7      | XOM: divination: detect creatures
  7927 | D:7      | XOM: give mutations
  7927 | D:7      | Gained mutation: Your muscles are strong. (Str +4, Int/Dex
                  | -1) [Xom's grace]
  7927 | D:7      | Gained mutation: Your flesh is cold resistant. (rC+) [Xom's
                  | grace]
  7931 | D:7      | Reached skill level 10 in Summonings
  7931 | D:7      | Found a shimmering altar of Xom.
  7932 | D:7      | Found a shimmering altar of Xom.
  7932 | D:7      | Found a shimmering altar of Xom.
  7932 | D:7      | Found a shimmering altar of Xom.
  7932 | D:7      | Found a shimmering altar of Xom.
  7932 | D:7      | Found a shimmering altar of Xom.
  8044 | D:7      | XOM: god gift: 672 gold pieces
  8112 | D:7      | Noticed Menkaure
  8127 | D:7      | XOM: god gift: scroll labelled OTEDUSABIGH {god gift}
  8129 | D:7      | Killed Menkaure
  8130 | D:7      | Reached skill level 11 in Fighting
  8130 | D:7      | Lost mutation: Your flesh is cold resistant. (rC+) [potion
                  | of mutation]
  8130 | D:7      | Lost mutation: You have a somewhat thin skeletal structure.
                  | (Dex +2, Stealth+) [potion of mutation]
  8144 | D:7      | Learned a level 4 spell: Summon Blazeheart Golem
  8199 | D:7      | XOM: polymorph inugami -> sun moth
  8375 | D:7      | Noticed Pikel
  8377 | D:7      | XOM: swap monsters
  8396 | D:7      | XOM: potion effect (might)
  8397 | D:7      | Killed Pikel
  8486 | D:7      | XOM: silly message
  8659 | D:8      | Noticed a two-headed ogre
  8668 | D:8      | Killed a two-headed ogre
  8669 | D:8      | Reached skill level 12 in Fighting
  8669 | D:8      | Reached XP level 10. HP: 58/115 MP: 4/13
  8706 | D:7      | XOM: silly message
  8739 | D:7      | XOM: cloud trail
  9156 | D:8      | XOM: divination: detect creatures
  9166 | D:8      | XOM: divination: detect creatures
  9174 | D:8      | HP: 3/177 [orc priest/divine providence (12)]
  9177 | D:8      | Killed from afar by an orc priest

Illustrated notes

Levels and vault maps discovered:
D:1:      dpeg_arrival_stonehenge_8_columns, layout_rooms
D:2:      layout_basic, basic_altar
D:3:      minmay_chambers_of_threes, layout_loops_ring,
          nicolae_dithmenos_the_darkroom, shapermc_ecumenical_altar_flowoftime,
          uniq_ijyb
D:4:      layout_basic, mainiacjoe_overflow_brackets, fedhas_altar_4
D:5:      layout_loops_ring, mainiacjoe_overflow_paths,
          minmay_overflow_temple_hex, mainiacjoe_overflow_tiny_flanked,
          mainiacjoe_sewer_entry_somewhere_in_here_1, minmay_misc_feat_hallway,
          grunt_decor_cap
D:6:      layout_loops_corners, lemuel_temple_firewalk_a, patterned_corridor
D:7:      layout_basic, xom_shifter_show, uniq_menkaure, uniq_pikel, uniq_maggie
D:8:      layout_basic, erik_lair_orcish_takeover, special_room
          [special_room_orc]

Skill      XL: |  1  2  3  4  5  6  7  8  9 10 |
---------------+-------------------------------+-----
Fighting       | 10 12 | 12.8
Summonings     | 1 2 4 6 8 10 | 10.0
Spellcasting   | 1 2 |  2.0
Fire Magic     | 3 4 |  4.0
Long Blades    | |  2.6
Dodging        | |  2.1

Action                     |  1- 3 |  4- 6 |  7- 9 | 10-12 || total
---------------------------+-------+-------+-------+-------++-------
  Melee: Falchion          |    99 |    63 |       |       ||   162
         Headbutt          |    17 |    29 |    68 |     4 ||   118
         Dagger            |       |    97 |   276 |    19 ||   392
   Cast: Summon Small Mamm |     7 |     7 |    29 |     4 ||    47
         Call Canine Famil |       |     4 |    18 |     2 ||    24
         Summon Blazeheart |       |       |     2 |     4 ||     6
  Evoke: Wand              |       |       |     5 |       ||     5
    Use: Potion            |     4 |     7 |     4 |     3 ||    18
         Scroll            |       |    11 |     2 |     3 ||    16
   Stab: Paralysed         |     1 |       |     3 |       ||     4
         Petrified         |       |     3 |       |       ||     3
         Sleeping          |       |       |     1 |       ||     1
 Armour: Robe              |    73 |   155 |   146 |       ||   374
         Skin              |     6 |     3 |       |     4 ||    13
         Acid dragon scale |       |       |    62 |    46 ||   108
         Steam dragon scal |       |       |    25 |       ||    25
  Dodge: Dodged            |    61 |    92 |   127 |    13 ||   293

Table legend: (Time is in decaauts)
 A = Elapsed time spent in this place.
 B = Non-inter-level travel time spent in this place.
 C = Inter-level travel time spent in this place.
 D = Time resting spent in this place.
 E = Time spent auto-exploring this place.
 F = Levels seen in this place.
 G = Mean time per level.
                   A        B        C        D        E       F      G
               +--------+--------+--------+--------+--------+-----+--------+
         Total |   9157 |   8933 |    224 |    734 |   6868 |   9 | 1017.4 |
       Dungeon |   8817 |   8593 |    224 |    734 |   6617 |   8 | 1102.1 |
         Sewer |    340 |    340 |      0 |      0 |    251 |   1 |  340.0 |
               +--------+--------+--------+--------+--------+-----+--------+

Top non-repeatable levels by time:
     D:6: 1953 daAuts
     D:7: 1730 daAuts
     D:5: 1308 daAuts
     D:3: 1279 daAuts
     D:2: 950 daAuts
     D:4: 730 daAuts
     D:1: 608 daAuts
   Sewer: 340 daAuts
     D:8: 256 daAuts
